 Dungeon Crawl Stone Soup version 0.17-a0-587-g4707e02 (webtiles) character file.

10640 Radiman the Executioner (level 11, -3/82 HPs)
             Began as a Hill Orc Berserker on Apr 15, 2015.
             Was a High Priest of Trog.
             Slain by a komodo dragon (25 damage)
             ... on level 1 of the Lair of Beasts.
             The game lasted 00:40:06 (11614 turns).

Radiman the Executioner (Hill Orc Berserker)       Turns: 11614, Time: 00:40:06

Health: -3/82      AC: 14    Str: 24      XL:     11   Next: 65%
Magic:  11/11      EV: 10    Int:  5 (7)  God:    Trog [*****.]
Gold:   877        SH:  0    Dex: 11 (12) Spells: 0 memorised, 10 levels left

rFire  . . .     SeeInvis +     J - +2 executioner's axe (chop)
rCold  . . .     Clarity  .     y - +1 scale mail of Osav {rPois}
rNeg   . . .     SustAb   .     (no shield)
rPois  +         Gourm    .     h - +1 helmet
rElec  .         Spirit   .     H - +2 cloak {+Inv}
rCorr  .         Warding  .     n - +0 pair of gloves
rMut   +         Stasis   .     d - +0 pair of boots
MR     .....                    g - amulet of resist mutation
Stlth  ..........               x - +2 ring of dexterity
                                K - ring of see invisible

@: not resistant to hostile enchantments, extremely unstealthy
A: no striking features
a: Burn Spellbooks, Berserk, Trog's Hand, Brothers in Arms, Renounce Religion,
Evoke Invisibility


You were on level 1 of the Lair of Beasts.
You worshipped Trog.
Trog was extremely pleased with you.
You were hungry.

You visited 2 branches of the dungeon, and saw 10 of its levels.
You also visited: Sewer.

You collected 877 gold pieces.

Inventory:

Hand weapons
 J - a +2 executioner's axe of chopping (weapon)
Armour
 d - a +0 pair of boots (worn)
 h - a +1 helmet (worn)
 n - a +0 pair of gloves (worn)
 v - a +0 plate armour
 y - the +1 scale mail of Osav (worn) {rPois}
   (You found it on level 4 of the Dungeon)

   It protects you from poison.
 z - the +1 ring mail "Cazaz" {Dex+5 Slay+6}
   (You found it on level 7 of the Dungeon)

   It affects your dexterity (+5).
   It affects your accuracy and damage with ranged weapons and melee attacks
   (+6).
 H - a +2 cloak of invisibility (worn)
Rods
 D - a -2 rod of destruction (9/9)
   (You found it on level 9 of the Dungeon)
Jewellery
 g - an amulet of resist mutation (around neck)
 q - an uncursed ring of ice
 x - a +2 ring of dexterity (right hand)
 B - an uncursed ring of fire
 G - an uncursed ring of stealth
 K - a ring of see invisible (left hand)
Magical devices
 m - a wand of disintegration (7)
Scrolls
 a - 3 scrolls of remove curse
 f - a scroll of magic mapping {unknown}
 l - 4 scrolls of enchant weapon
 w - a scroll of fear
 A - 2 scrolls of blinking
 I - a scroll of recharging {unknown}
Potions
 e - 2 potions of cancellation
 i - 2 potions of heal wounds
 k - 2 potions of might {unknown}
 o - 4 potions of invisibility
 p - 2 potions of haste {unknown}
 r - 3 potions of resistance
 t - a potion of ambrosia {unknown}
 u - 2 potions of brilliance {unknown}
 C - 3 potions of curing {unknown}
 F - a potion of poison {unknown}
 L - a potion of restore abilities {unknown}
Comestibles
 b - 4 meat rations
 c - 5 bread rations
 j - 15 fruits
 s - 5 beef jerkies
 E - a slice of pizza
 M - a chunk of flesh


   Skills:
 - Level 3.6 Fighting
 * Level 21.1 Axes
 - Level 2.1 Armour
 - Level 1.5 Dodging


You had 10 spell levels left.
You didn't know any spells.

Dungeon Overview and Level Annotations

Branches:
Dungeon (9/15)             Temple (0/1) D:7            Lair (1/8) D:9
    Orc: D:9-12

Altars:
Ashenzari
Dithmenos
Kikubaaqudgha
Nemelex Xobeh
Okawaru
Qazlal
Ru
Sif Muna
Trog
Xom
Yredelemnul
The Shining One


Message History

You now have 877 gold pieces (gained 20).
A giant frog comes into view.
You slice the giant frog like a ripe choko!!!
You kill the giant frog!
Trog accepts your kill.
Found 17 arrows.
A komodo dragon and a porcupine come into view.
The porcupine moves out of view.
The komodo dragon bites you!!
You slice the komodo dragon!!
The komodo dragon is almost dead.
The komodo dragon bites you!
You barely miss the komodo dragon.
The komodo dragon is almost dead.
The komodo dragon bites you!!
* * * LOW HITPOINT WARNING * * *
You hit the komodo dragon but do no damage.
The komodo dragon is almost dead.
The komodo dragon bites you!!
You die...

.##...####.####..##.....P......#
..[........# #####..#..#.######
........#.. ..........###
###.#.#>##.. ..##.##P.#
#.#...#.. r###.##.###.#
#...#.##. ........ ..# #.....# .
#r.##.# P.# #.#.#
#.#.###.##.###.# # ..#..
♣(....l@....##.# ## #
♣♣..♣.♣.....# . ## ###. ♣
♣♣##..# #.##... ♣♣♣♣#.# ....#.
♣P....# #.#.#P ♣P♣♣..# ##.#.##
..♣♣P#.#### #....## .8..
♣♣..##P###.#..## ♣...P
♣#.......###...


You could see a komodo dragon and a porcupine.

Vanquished Creatures
  An unseen horror (D:9)
  The ghost of Zigurun the Firebug, an experienced OpFE of Ashenzari (D:6)
  A hill giant (D:9)
  Maurice (D:8)
  A centaur zombie (D:7)
  3 spiny frogs (Lair:1)
  3 trolls (D:9)
  A two-headed ogre (D:9)
  A deep elf mage (D:9)
  A wyvern (D:5)
  11 yaks
  Menkaure (D:4)
  A water moccasin (D:8)
  2 ice beasts
  An ice beast (shapeshifter) (D:9)
  3 sky beasts
  Purgy (Sewer)
  2 porcupines (Lair:1)
  A wasp (D:9)
  A centaur (D:8)
  5 crocodiles
  5 ogres
  3 orc warriors
  2 phantoms (D:6)
  A big kobold (D:9)
  A brain worm (D:9)
  5 giant frogs
  2 killer bees (D:9)
  A scorpion (D:4)
  3 wights (D:7)
  A crimson imp (D:8)
  6 hounds
  2 quasits
  2 jellies
  A wasp zombie (D:8)
  A gnoll shaman (D:3)
  Crazy Yiuf (D:2)
  A centaur skeleton (D:8)
  5 giant frog skeletons
  Ijyb (D:2)
  6 iguanas
  4 orc priests
  7 orc wizards
  7 worker ants
  2 worker ant zombies
  Robin (D:3)
  14 adders
  10 gnolls
  5 shadow imps
  2 oozes
  2 worms
  2 adder skeletons
  6 giant geckos
  19 orcs
  13 bats
  3 bat skeletons
  A bat zombie (D:6)
  13 hobgoblins
  14 kobolds
  6 quokkas
  4 ball pythons
  10 giant cockroaches
  A giant gecko zombie (D:9)
  7 giant newts
  20 goblins
  9 jackals
  2 jackal skeletons
  A jackal zombie (D:6)
  11 rats
  6 ballistomycetes
295 creatures vanquished.

Vanquished Creatures (others)
  2 giant spores
2 creatures vanquished.

Grand Total: 297 creatures vanquished

Notes
Turn   | Place    | Note
--------------------------------------------------------------
     0 | D:1      | Radiman, the Hill Orc Berserker, began the quest for the Orb.
     0 | D:1      | Reached XP level 1. HP: 19/19 MP: 1/1
    81 | D:1      | Reached XP level 2. HP: 23/26 MP: 2/2
   371 | D:1      | Reached skill level 5 in Axes
   825 | D:2      | Reached XP level 3. HP: 31/31 MP: 3/3
   833 | D:2      | Acquired Trog's second power
   851 | D:2      | Reached skill level 6 in Axes
  1118 | D:2      | Noticed Ijyb
  1131 | D:2      | Killed Ijyb
  1131 | D:2      | Reached XP level 4. HP: 39/39 MP: 4/4
  1177 | D:2      | Noticed Crazy Yiuf
  1202 | D:2      | Killed Crazy Yiuf
  1202 | D:2      | Reached skill level 7 in Axes
  1574 | D:2      | Reached XP level 5. HP: 28/45 MP: 5/5
  1918 | D:3      | Found a deep blue altar of Sif Muna.
  1961 | D:3      | Noticed Robin
  1975 | D:3      | Killed Robin
  2795 | D:4      | Reached skill level 8 in Axes
  3069 | D:4      | Reached XP level 6. HP: 51/51 MP: 6/6
  3205 | D:4      | Got a pitted scale mail
  3229 | D:4      | Identified the +1 scale mail of Osav {rPois} (You found it on level 4 of the Dungeon)
  3285 | D:4      | Reached skill level 9 in Axes
  3543 | D:4      | Noticed Menkaure
  3581 | D:4      | Killed Menkaure
  3581 | D:4      | Reached skill level 10 in Axes
  3581 | D:4      | Reached XP level 7. HP: 57/57 MP: 7/7
  3991 | D:4      | Found a bloodstained altar of Trog.
  4001 | D:4      | Found an iron altar of Okawaru.
  4001 | D:4      | Found a shimmering altar of Xom.
  4002 | D:4      | Found a sparkling altar of Nemelex Xobeh.
  4003 | D:4      | Found an ancient bone altar of Kikubaaqudgha.
  4005 | D:4      | Found a glowing golden altar of the Shining One.
  4006 | D:4      | Found a stormy altar of Qazlal.
  4007 | D:4      | Found a shattered altar of Ashenzari.
  4112 | D:5      | Entered Level 5 of the Dungeon
  4485 | D:5      | Found a glowing drain.
  4491 | D:5      | Acquired Trog's third power
  4511 | Sewer    | Entered a sewer
  4562 | Sewer    | Noticed Purgy
  4577 | Sewer    | Killed Purgy
  4577 | Sewer    | Reached skill level 11 in Axes
  4723 | D:5      | Noticed a wyvern
  4728 | D:5      | Killed a wyvern
  4728 | D:5      | Reached XP level 8. HP: 64/64 MP: 8/8
  4915 | D:5      | Reached skill level 12 in Axes
  5308 | D:6      | Noticed Zigurun's ghost (experienced OpFE)
  5322 | D:6      | Killed Zigurun's ghost
  5322 | D:6      | Reached skill level 14 in Axes
  5640 | D:6      | Reached XP level 9. HP: 70/70 MP: 9/9
  6331 | D:6      | Reached skill level 15 in Axes
  7134 | D:7      | Found a basalt altar of Yredelemnul.
  7297 | D:7      | Reached skill level 16 in Axes
  7564 | D:7      | Received a gift from Trog
  7698 | D:7      | Found a staircase to the Ecumenical Temple.
  7871 | D:7      | Noticed a centaur zombie
  7878 | D:7      | Killed a centaur zombie
  7878 | D:7      | Reached skill level 17 in Axes
  7878 | D:7      | Reached XP level 10. HP: 77/77 MP: 3/10
  7994 | D:7      | Got a smoking ring mail
  8221 | D:7      | Identified the +1 ring mail "Cazaz" {Dex+5 Slay+6} (You found it on level 7 of the Dungeon)
  8614 | D:8      | Reached skill level 18 in Axes
  9029 | D:8      | Noticed Maurice
  9038 | D:8      | Killed Maurice
  9242 | D:8      | Found a shadowy altar of Dithmenos.
  9571 | D:9      | Reached skill level 19 in Axes
  9583 | D:9      | Received a gift from Trog
  9668 | D:9      | Killed an unseen horror
  9668 | D:9      | Reached XP level 11. HP: 10/82 MP: 11/11
 10044 | D:9      | Got a slimy tin ring
 10046 | D:9      | Identified the cursed ring of the Eight Beds {MP+9 Str-6 Int+4} (You found it on level 9 of the Dungeon)
 10074 | D:9      | Reached skill level 20 in Axes
 10095 | D:9      | Found a staircase to the Lair.
 10231 | D:9      | Found a sacrificial altar of Ru.
 10434 | D:9      | Noticed a hill giant
 10442 | D:9      | Killed a hill giant
 10761 | Lair:1   | Entered Level 1 of the Lair of Beasts
 11196 | Lair:1   | Reached skill level 21 in Axes
 11614 | Lair:1   | Slain by a komodo dragon

Action                   |  1- 3 |  4- 6 |  7- 9 | 10-12 || total
-------------------------+-------+-------+-------+-------++-------
Melee: Hand axe          |   103 |   193 |   100 |       ||   396
       War axe           |       |       |   278 |       ||   278
       Battleaxe         |       |       |    13 |   117 ||   130
       Executioner's axe |       |       |       |    90 ||    90
Invok: Berserk           |     2 |     5 |     4 |     3 ||    14
       Burn Spellbooks   |       |     1 |     1 |     2 ||     4
  Use: Scroll            |     1 |     2 |     8 |     6 ||    17
 Stab: Sleeping          |       |       |       |     2 ||     2
  Eat: Chunk             |     2 |    13 |    19 |    11 ||    45
       Fruit             |       |       |       |     3 ||     3
